 Dungeon Sprint DCSS version bcrawl-1.20.1-3-gdcb1fc31ed (webtiles) character file.

Game seed: 4191275942095217111

171 Freyura the Agent of Entropy (level 5, 30/44 HPs)
             Began as a Demonspawn Abyssal Knight on Jan 31, 2020.
             Was a Priest of Lugonu.
             Got out of the dungeon alive.
             The game lasted 00:01:59 (418 turns).

Freyura the Agent of Entropy (DsAK)                  Turns: 418, Time: 00:01:59

Health: 30/44      AC:  5    Str: 12    XL:     5   Next: 26%
Magic:  9/9        EV: 13    Int: 14    God:    Lugonu [***...]
Gold:   0          SH:  1    Dex: 13    Spells: 4/4 levels left

rFire    . . .     SeeInvis .   a - +1 falchion
rCold    . . .     Gourm    .   (no shield)
rNeg     . . .     Faith    .   b - +0 leather armour
rPois    .         Spirit   .   (no helmet)
rElec    .         Reflect  .   (no cloak)
rCorr    .         Harm     .   (no gloves)
MR       .....     NoTele   +   (no boots)
Stlth    +.........             (no amulet)
HPRegen  0.14/turn              (no ring)
MPRegen  0.11/turn              (no ring)

@: no status effects
A: hooves 1, slimy green scales 1
a: Bend Space, Banish, Renounce Religion


You escaped.
You worshipped Lugonu.
Lugonu was most pleased with you.
You were not hungry.

You visited 1 branch

Inventory:

Hand Weapons
 a - a +1 falchion (weapon)
 o - the +2 rapier of Excruciating Pain {venom, *Rage rN+ Dex+3}
   (You found it in the Dungeon)

   It poisons the flesh of those it strikes.
   It affects your dexterity (+3).
   It protects you from negative energy.
   It may make you go berserk in combat.
Missiles
 c - 10 tomahawks of dispersal (quivered)
 d - 42 stones
Armour
 b - a +0 leather armour (worn)
Wands
 n - a wand of acid (10)
Scrolls
 k - 2 scrolls of blinking
 l - 3 scrolls of remove curse
 m - 2 scrolls of amnesia
Potions
 f - 5 potions of curing
 g - a potion of invisibility
 h - a potion of haste
 i - 4 potions of magic
 j - 2 potions of heal wounds
Comestibles
 e - a ration {!d}


   Skills:
 + Level 5.3 Fighting
 * Level 5.9 Long Blades
 - Level 0.8 Throwing
 + Level 4.3 Armour
 + Level 3.9 Dodging
 + Level 6.2 Invocations


You had 4 spell levels left.
You didn't know any spells.
Your spell library was empty.

Dungeon Overview and Level Annotations

Branches:
Dungeon (1/1)

Altars:
Cheibriados
Dithmenos
Elyvilon
Fedhas
Gozag
Hepliaklqana
Kikubaaqudgha
Lugonu
Makhleb
Nemelex Xobeh
Okawaru
Qazlal
Ru
Sif Muna
Trog
Uskayaw
Vehumet
Wu Jian
Xom
Yredelemnul
Zin
The Shining One
Beogh
Jiyva


Innate Abilities, Weirdness & Mutations

You have large cloven feet.
You are partially covered in slimy green scales. (AC +2)


Message History

There is a snail-covered altar of Cheibriados here.
There is a roughly hewn altar of Beogh here.
There is an open door to the Temple here.
Things that are here:
a +0 club; an orc corpse You see here a scorpion corpse.
There is an open door, spattered with blood here.
You see here a hound corpse.
Things that are here:
a +0 club; a hobgoblin skeleton
d - 42 stones (gained 2)
Things that are here:
a +0 dagger; a kobold skeleton
There is an open door to the Dungeon, spattered with blood here.
You see here a rat skeleton.
There is a staircase leading out of the dungeon here.
Are you sure you want to leave the Dungeon?
This will make you lose the game!
Alright, then stay!
Are you sure you want to leave the Dungeon?
This will make you lose the game!
You have escaped!

▓▓▓
▓@▓
▓.▓
▓.▓
▓.▓
▓÷▓
▓)▓
▓)▓
▓.▓
▓.▓


There were no monsters in sight!

Vanquished Creatures
  A phantom (D)
  A scorpion (D)
  A hound (D)
  An orc (D)
  A bat zombie (D)
  A goblin (D)
  A hobgoblin (D)
  A frilled lizard (D)
  A kobold (D)
  A rat (D)
10 creatures vanquished.

Notes
Turn   | Place    | Note
-------+----------+-------------------------------------------
     0 | D        | Freyura the Demonspawn Abyssal Knight began the quest for
                  | the Orb.
     0 | D        | Reached XP level 1. HP: 18/18 MP: 2/2
     4 | D        | Reached skill level 1 in Dodging
    13 | D        | Reached ** piety under Lugonu
    13 | D        | Reached skill level 3 in Invocations
   286 | D        | Noticed a hound
   286 | D        | Noticed a scorpion
   286 | D        | Noticed a phantom
   293 | D        | Killed a hound
   293 | D        | Reached skill level 4 in Invocations
   293 | D        | Gained mutation: You have large cloven feet. [demonic
                  | ancestry]
   293 | D        | Reached XP level 2. HP: 20/25 MP: 5/5
   293 | D        | Reached XP level 3. HP: 24/30 MP: 6/6
   295 | D        | Killed a scorpion
   295 | D        | Reached *** piety under Lugonu
   295 | D        | Reached skill level 5 in Invocations
   295 | D        | Gained mutation: You are partially covered in slimy green
                  | scales. (AC +2) [demonic ancestry]
   295 | D        | Reached XP level 4. HP: 31/38 MP: 7/7
   326 | D        | Killed a phantom
   326 | D        | Reached skill level 5 in Fighting
   326 | D        | Reached skill level 5 in Long Blades
   326 | D        | Reached skill level 6 in Invocations
   326 | D        | Reached XP level 5. HP: 17/44 MP: 7/9
   335 | D        | Found a roughly hewn altar of Beogh.
   335 | D        | Found a snail-covered altar of Cheibriados.
   335 | D        | Found a shadowy altar of Dithmenos.
   335 | D        | Found a white marble altar of Elyvilon.
   335 | D        | Found a blossoming altar of Fedhas.
   335 | D        | Found an opulent altar of Gozag.
   336 | D        | Found a hazy altar of Hepliaklqana.
   337 | D        | Found a viscous altar of Jiyva.
   338 | D        | Found an ancient bone altar of Kikubaaqudgha.
   339 | D        | Found a corrupted altar of Lugonu.
   340 | D        | Found a burning altar of Makhleb.
   341 | D        | Found a sparkling altar of Nemelex Xobeh.
   342 | D        | Found an iron altar of Okawaru.
   343 | D        | Found a stormy altar of Qazlal.
   344 | D        | Found a sacrificial altar of Ru.
   345 | D        | Found a shimmering blue altar of Sif Muna.
   346 | D        | Found a bloodstained altar of Trog.
   347 | D        | Found a hide-covered altar of Uskayaw.
   348 | D        | Found a radiant altar of Vehumet.
   349 | D        | Found an ornate altar of the Wu Jian Council.
   350 | D        | Found a shimmering altar of Xom.
   351 | D        | Found a basalt altar of Yredelemnul.
   352 | D        | Found a glowing silver altar of Zin.
   353 | D        | Found a glowing golden altar of the Shining One.
   370 | D        | Got the +2 rapier of Excruciating Pain {venom, *Rage rN+
                  | Dex+3}
   418 | D        | Got out of the dungeon alive.

Skill      XL: |  1  2  3  4 |
---------------+-------------+-----
Long Blades    | 3 4 5 |  5.9
Dodging        | 2 3 |  3.9
Armour         | 2 3 4 |  4.3
Invocations    | 4 5 6 |  6.2
Fighting       | 4 5 |  5.3
Throwing       | |  0.8

Action                   |  1- 3 |  4- 6 || total
-------------------------+-------+-------++-------
Melee: Falchion          |    31 |    17 ||    48
       Kick              |     1 |     1 ||     2
  Use: Potion            |     1 |     1 ||     2
Armor: Leather armour    |     7 |     5 ||    12
Dodge: Dodged            |    12 |    15 ||    27
Block: Other             |       |     1 ||     1
